 Dungeon Crawl Stone Soup version 0.32-a0-913-g739538afd8 (webtiles) character file.

Game seed: 15945781245436358

147 Autsider the Digger (level 5, -1/28 HPs)
             Began as a Gargoyle Earth Elementalist on Apr 9, 2024.
             Slain by a gnoll
             ... wielding a +0 spear
              (3 damage)
             ... on level 4 of the Dungeon.
             The game lasted 00:05:06 (2473 turns).

Autsider the Digger (Gargoyle Earth Elementalist)   Turns: 2473, Time: 00:05:07

Health: -1/28      AC:  6    Str: 11    XL:     5   Next: 29%
Magic:  5/10       EV: 11    Int: 18    God:
Gold:   124        SH:  0    Dex: 10    Spells: 4/11 levels left

rFire   . . .        j - +0 war axe (elec)
rCold   . . .        (no shield)
rNeg    + . .        a - +0 robe
rPois   ∞            (no helmet)
rElec   +            (no cloak)
rCorr   .            (no gloves)
SInv    .            (no boots)
Will    .....        (no amulet)
Stlth   ++           (no ring)
HPRegen 0.24/turn    (no ring)
MPRegen 0.12/turn

%: no passive effects
@: weak-willed
A: sickness immunity, AC +4, negative energy resistance 1, electricity
resistance, torment resistance 1, petrification resistance
a: no special abilities


You were on level 4 of the Dungeon.
You visited 1 branch of the dungeon, and saw 4 of its levels.

You collected 124 gold pieces.

Inventory:

Hand Weapons
 h - a +0 whip
 j - a +0 war axe of electrocution (weapon)
Armour
 a - a +0 robe (worn)
Jewellery
 f - a ring of see invisible
Scrolls
 e - a scroll of noise
 k - a scroll of teleportation {unknown}
Potions
 b - a potion of magic
 c - 3 potions of enlightenment
 d - 2 potions of degeneration
 i - a potion of haste {unknown}


   Skills:
 - Level 1.5 Dodging
 - Level 2.1 Stealth
 + Level 3.9 Spellcasting
 - Level 2.0 Conjurations
 - Level 5.0 Earth Magic


You had 4 spell levels left.
You knew the following spells:

 Your Spells              Type           Power      Damage    Failure   Level
a - Sandblast             Erth           42%        2d11      1%          1
b - Stone Arrow           Conj/Erth      32%        3d9       11%         3
A - Passwall              Erth           21%        N/A       6%          3

Your spell library contained the following spells:

 Spells                   Type           Power      Damage    Failure   Level
 Brom's Barrelling Bould  Conj/Erth      16%        2d4       34%         4
 Petrify                  Alch/Erth      12%        N/A       47%         4


Dungeon Overview and Level Annotations

Branches:
Dungeon (4/15)
 Temple: D:4-7

Altars:


Innate Abilities, Weirdness & Mutations

You are immune to sickness and miasma.
Your stone body is resilient. (AC +4)
You are immune to poison.
You resist negative energy. (rN+)
You are resistant to electric shocks. (rElec)
You are resistant to unholy torment.
You are immune to petrification.


Message History

You kill the ribbon worm!
Casting: Sandblast (safe; 1% risk of failure)
Confirm with . or Enter, or press ? or * to list all spells.
Aiming: Sandblast (safe; 1% risk of failure)
Press: ? - help, Shift-Dir - straight line, f - endoplasm
Aim: an endoplasm (98% to hit)
The blast of sand hits the endoplasm!!
You kill the endoplasm!
The gnoll barely misses you.
The gnoll hits you from afar with a +0 spear.
* * * LOW HITPOINT WARNING * * *
Casting: Sandblast (safe; 1% risk of failure)
Confirm with . or Enter, or press ? or * to list all spells.
Aiming: Sandblast (safe; 1% risk of failure)
Press: ? - help, Shift-Dir - straight line, f - gnoll
Aim: a gnoll, wielding a +0 spear (85% to hit)
The blast of sand hits the gnoll.
The gnoll is heavily wounded.
The gnoll hits you from afar with a +0 spear.
* * * LOW HITPOINT WARNING * * *
The gnoll attacks as it pursues you!
The gnoll hits you from afar with a +0 spear.
* * * LOW HITPOINT WARNING * * *
Casting: Sandblast (safe; 1% risk of failure)
Confirm with . or Enter, or press ? or * to list all spells.
Aiming: Sandblast (safe; 1% risk of failure)
Press: ? - help, Shift-Dir - straight line, f/p - gnoll
Aim: a gnoll, wielding a +0 spear (heavily wounded, 85% to hit)
The blast of sand misses the gnoll.
The gnoll barely misses you.
Casting: Sandblast (safe; 1% risk of failure)
Confirm with . or Enter, or press ? or * to list all spells.
Aiming: Sandblast (safe; 1% risk of failure)
Press: ? - help, Shift-Dir - straight line, f/p - gnoll
Aim: a gnoll, wielding a +0 spear (heavily wounded, 85% to hit)
Okay, then.
As you read the scroll labelled OGEJEM VAGUVO, it crumbles to dust.
A wave of despondency washes over your surroundings.
It was a scroll of vulnerability.
The gnoll hits you from afar with a +0 spear.
You die...

...)... ...g...
####.......
#g.'g......
#.##....... #g#
.....## ###g#
.....# ####...#
#....#
###...@###
....# #########
#...#### ....#
........###.###
....#
........##..#
........##.##
........##.#
....†...##.#
...........#
.........###


You could see 2 gnolls.

Vanquished Creatures
  4 gnolls
  4 adders
  5 ribbon worms
  5 ball pythons
  6 endoplasms
  7 goblins
  7 hobgoblins
  4 jackals (D:1)
  3 quokkas
  3 bats
  4 frilled lizards
  4 kobolds
  5 rats
61 creatures vanquished.

Notes
Turn   | Place    | Note
-------+----------+-------------------------------------------
     0 | D:1      | Autsider the Gargoyle Earth Elementalist began the quest
                  | for the Orb.
     0 | D:1      | Reached XP level 1. HP: 10/10 MP: 3/3
   109 | D:1      | Reached XP level 2. HP: 15/15 MP: 0/5
   187 | D:1      | Reached skill level 4 in Earth Magic
   301 | D:1      | Reached XP level 3. HP: 9/19 MP: 2/6
   696 | D:2      | Learned a level 3 spell: Stone Arrow
  1162 | D:2      | Learned a level 3 spell: Passwall
  1333 | D:2      | Reached XP level 4. HP: 24/24 MP: 6/8
  1850 | D:3      | Reached skill level 5 in Earth Magic
  1945 | D:3      | Reached XP level 5. HP: 27/28 MP: 6/10
  2471 | D:4      | HP: 1/28 [gnoll/+0 spear (5)]
  2473 | D:4      | Slain by a gnoll

Illustrated notes

Levels and vault maps discovered:
D:1:      minmay_arrival_radiant_lines, layout_rooms
D:2:      layout_loops_cross, chequers_serial_rivers_micro_a,
          minmay_statues_item, kennysheep_cross_room, chequers_avenue
D:3:      layout_loops_ring
D:4:      layout_basic, nemelex_xobeh_ov_fountains_minmay, kennysheep_donut,
          minmay_increasing_density

Skill      XL: |  1  2  3  4 |
---------------+-------------+-----
Earth Magic    | 4 5 |  5.0
Conjurations   | 2 |  2.0
Spellcasting   | 3 |  3.9
Dodging        | |  1.5
Stealth        | |  2.1

Action                     |  1- 3 |  4- 6 || total
---------------------------+-------+-------++-------
  Melee: Unarmed           |     9 |       ||     9
         Long sword        |    37 |       ||    37
         War axe           |     3 |     6 ||     9
   Cast: Sandblast         |    38 |    33 ||    71
         Passwall          |     1 |       ||     1
    Use: Scroll            |       |     4 ||     4
   Stab: Sleeping          |     2 |       ||     2
 Armour: Robe              |    46 |    14 ||    60
  Dodge: Dodged            |    49 |    17 ||    66

Table legend: (Time is in decaauts)
 A = Elapsed time spent in this place.
 B = Non-inter-level travel time spent in this place.
 C = Inter-level travel time spent in this place.
 D = Time resting spent in this place.
 E = Time spent auto-exploring this place.
 F = Levels seen in this place.
 G = Mean time per level.
                   A        B        C        D        E       F      G
               +--------+--------+--------+--------+--------+-----+--------+
         Total |   2526 |   2439 |     87 |      0 |   2026 |   4 |  631.5 |
       Dungeon |   2526 |   2439 |     87 |      0 |   2026 |   4 |  631.5 |
               +--------+--------+--------+--------+--------+-----+--------+

Top non-repeatable levels by time:
     D:2: 863 daAuts
     D:3: 747 daAuts
     D:1: 678 daAuts
     D:4: 236 daAuts
